AoeStats
← vgutierrez

Arena

509447756Analyzed
3v3 RM · 6d ago on Sep 26, 2026· 56m 28s· 6 players
Game mode
Random Map
Map size
Normal (6 player)
Population
200
Speed
Normal
Resources
Standard
Victory
Conquest
Starting age
Dark Age
Ending age
Imperial Age
RankedLock teamsTeams togetherTeam positionsShared explorationLock speedFull tech treeHidden civsTurbo modeCheats
Victory
Defeat
🇺🇾 Maya · Uruguay
745
+21
🇨🇱 Khmer · Chile
691
+13
🇨🇱 Byzantines · Chile
611
+17
🇦🇷 Burgundians · Argentina
677
-16
🇶🇦 Spanish · Qatar
603
-13
🇺🇸 Bohemians · United States
584
-12
TheFearlessPupil
3:52 Loom
6:55 Loom
12:43 Feudal Age
13:20 Man-at-Arms
15:35 Arson
16:49 Horse Collar
17:03 Double-Bit Axe
19:00 Wheelbarrow
23:26 Castle Age
24:11 Forging
23:58 Fletching
24:37 Bow Saw
25:41 Pikeman
29:12 Crossbowman
31:59 Hand Cart
32:06 Murder Holes
31:58 Long Swordsman
34:34 Scale Mail Armor
38:41 Imperial Age
38:44 Halberdier
39:38 Two-Handed Swordsman
41:49 Chemistry
42:21 Champion
43:55 Bodkin Arrow
44:53 Elite Hussite Wagon
45:03 Elite Hussite Wagon
46:09 Wagenburg Tactics
46:32 Guard Tower
52:00 Bombard Tower
54:44 Two-Man Saw
53:51 Heavy Plow
54:18 Town Watch
55:51 Houfnice
Sanmartin192
10:47 Feudal Age
10:20 Double-Bit Axe
16:16 Bow Saw
19:41 Castle Age
18:14 Stone Mining
19:41 Stone Shaft Mining
19:01 Gold Mining
18:54 Horse Collar
24:19 Two-Man Saw
28:27 Gold Shaft Mining
31:37 Imperial Age
30:31 Wheelbarrow
32:12 Scale Barding Armor
32:18 Forging
37:07 Caravan
37:13 Husbandry
37:21 Elite Coustillier
38:07 Burgundian Vineyards
38:50 Hand Cart
41:11 Conscription
42:00 Chain Barding Armor
42:16 Iron Casting
43:23 Plate Barding Armor
45:21 Heavy Plow
KindBeetle9568
14:17 Feudal Age
16:02 Wheelbarrow
15:10 Horse Collar
15:17 Double-Bit Axe
21:30 Gold Mining
21:31 Stone Mining
25:17 Castle Age
25:12 Scale Barding Armor
26:45 Stone Shaft Mining
26:32 Chain Barding Armor
26:32 Hand Cart
27:01 Caravan
27:29 Bow Saw
27:21 Heavy Plow
39:48 Imperial Age
37:59 Husbandry
38:15 Bloodlines
41:53 Chemistry
41:14 Ballistics
41:05 Fortified Wall
41:06 Masonry
42:56 Two-Man Saw
42:46 Cavalier
44:11 Paladin
vgutierrez
12:21 Feudal Age
12:47 Double-Bit Axe
13:06 Gold Mining
13:13 Horse Collar
15:07 Wheelbarrow
18:23 Castle Age
17:53 Stone Mining
19:11 Heavy Plow
20:31 Bow Saw
21:59 Stone Shaft Mining
24:19 Eagle Warrior
26:56 Hand Cart
29:20 Pikeman
30:42 Forging
36:00 Imperial Age
35:18 Iron Casting
35:05 Scale Mail Armor
36:08 Halberdier
38:49 Blast Furnace
39:10 Chain Mail Armor
42:03 Plate Mail Armor
43:01 Crop Rotation
BonzerJaguar158
12:46 Feudal Age
11:02 Loom
17:19 Castle Age
15:48 Double-Bit Axe
15:48 Horse Collar
21:22 Wheelbarrow
22:37 Bow Saw
23:34 Husbandry
24:23 Light Cavalry
30:09 Heavy Plow
33:34 Imperial Age
33:00 Bloodlines
33:30 Scale Mail Armor
33:41 Forging
33:36 Scale Barding Armor
33:32 Padded Archer Armor
33:22 Fletching
34:27 Stone Mining
34:28 Gold Mining
36:12 Heavy Scorpion
37:42 Chain Barding Armor
37:37 Chain Mail Armor
40:08 Iron Casting
40:32 Hand Cart
40:22 Caravan
40:52 Coinage
41:01 Hussar
42:56 Chain Mail Armor
43:53 Double Crossbow
46:54 Conscription
48:30 Chemistry
47:51 Ballistics
53:23 Tusk Swords
52:47 Elite Ballista Elephant
54:50 Blast Furnace
54:27 Coinage
56:06 Ballistics
56:10 Siege Engineers
Jacobzl
15:22 Feudal Age
21:32 Castle Age
24:59 Horse Collar
25:04 Double-Bit Axe
30:17 Imperial Age
30:33 Caravan
30:10 Pikeman
30:51 Squires
30:36 Arson
32:05 Crossbowman
32:51 Thumb Ring
36:34 Arbalester
37:16 Fletching
37:26 Padded Archer Armor
37:39 Forging
37:29 Scale Mail Armor
37:34 Scale Barding Armor
38:32 Chemistry
37:13 Treadmill Crane
37:43 Fortified Wall
38:20 Wheelbarrow
37:47 Heavy Plow
38:01 Bow Saw
38:02 Caravan
38:05 Bodkin Arrow
40:20 Hand Cart
40:59 Leather Archer Armor
41:20 Crop Rotation
41:52 Two-Man Saw
43:00 Ballistics
42:32 Guard Tower
42:27 Arrowslits
42:38 Murder Holes
43:56 Light Cavalry
44:37 Husbandry
44:50 Hussar
47:12 Bracer
47:43 Ring Archer Armor
47:28 Chain Mail Armor
47:48 Iron Casting
49:02 Halberdier
49:28 Arson
Connection lost

Rejoining the realm…

Still unreachable

The connection could not be restored.

Session expired

The server has moved on; the page needs a fresh start.